 Dungeon Crawl Stone Soup version 0.21-a0-349-g0c35859 (webtiles) character file.

58 Hasart the Firebug (level 3, -4/19 HPs)
             Began as a Deep Elf Fire Elementalist on Oct 7, 2017.
             Was an Initiate of Ashenzari.
             Shot with a stone by a goblin (7 damage)
             ... on level 2 of the Dungeon.
             The game lasted 00:03:52 (1592 turns).

Hasart the Firebug (Deep Elf Fire Elementalist)     Turns: 1592, Time: 00:03:53

Health: -4/19      AC:  2    Str:  5    XL:     3   Next: 76%
Magic:  0/10       EV: 13    Int: 20    God:    Ashenzari [......]
Gold:   47         SH:  0    Dex: 15    Spells: 8/9 levels left

rFire    . . .     SeeInvis .   e - +0 spear
rCold    . . .     Gourm    .   (no shield)
rNeg     . . .     Faith    .   a - +0 robe
rPois    .         Spirit   .   (no helmet)
rElec    .         Reflect  .   (no cloak)
rCorr    .         Harm     .   (no gloves)
MR       .....                  (no boots)
Stlth    ++........             (no amulet)
HPRegen  0.06/turn              (no ring)
MPRegen  0.12/turn              (no ring)

@: very slightly contaminated
A: no striking features
a: Curse Item, Renounce Religion


You were on level 2 of the Dungeon.
You worshipped Ashenzari.
Ashenzari was noncommittal.
You were not hungry.

You visited 1 branch of the dungeon, and saw 2 of its levels.

You collected 47 gold pieces.

Inventory:

Hand Weapons
 e - a +0 spear (weapon)
Armour
 a - a +0 robe (worn)
Scrolls
 d - a scroll of identify {unknown}
 g - a scroll of remove curse
 h - a scroll of fog {unknown}
 k - a scroll of amnesia {unknown}
 l - a scroll of enchant weapon {unknown}
Potions
 f - 2 potions of curing {unknown}
 j - a potion of resistance {unknown}
 n - a potion of might {unknown}
 o - a potion of berserk rage {unknown}
Books
 b - a book of Flames

   Spells                             Type                      Level
   a - Flame Tongue                   Conjuration/Fire             1
   b - Throw Flame                    Conjuration/Fire             2
   c - Conjure Flame                  Conjuration/Fire             3
   d - Inner Flame                    Hexes/Fire                   3
   e - Sticky Flame                   Conjuration/Fire             4
   f - Fireball                       Conjuration/Fire             5
Comestibles
 c - a bread ration
 i - a fruit
 m - 2 chunks of flesh


   Skills:
 - Level 2.4 Dodging
 - Level 2.4 Stealth
 + Level 3.6 Spellcasting
 * Level 2.6 Conjurations
 * Level 4.2 Fire Magic


You had 8 spell levels left.
You knew the following spells:

 Your Spells              Type           Power        Failure   Level  Hunger
a - Flame Tongue          Conj/Fire      ###..        3%          1    None


Dungeon Overview and Level Annotations

Branches:
Dungeon (2/15)

Altars:
Ashenzari


Message History

You don't have enough magic to cast that spell.
You barely miss the goblin.
The goblin is heavily wounded.
The goblin hits you.
* * * LOW HITPOINT WARNING * * *
You barely miss the goblin.
The goblin is heavily wounded.
The goblin hits you but does no damage.
The goblin wields an uncursed hunting sling.
The goblin shoots a stone.
The stone closely misses you.
You see here a stone.
Casting: Flame Tongue
Confirm with . or Enter, or press ? or * to list all spells.
Aiming: Flame Tongue
Press: ? - help, Shift-Dir - straight line, f/p - goblin
Aim: a goblin, wielding a hunting sling (heavily wounded)
The flame tongue hits the goblin.
The goblin is severely wounded.
The goblin shoots a stone.
The stone hits you!
You die...

K#....#.....#
......#..#.#
##g........ .........#
########)######
#(....g†.......#
#....(##.#.###.#
#......#...#
#(...@####.###
#.........>...
#####.######.# ###.####
.# #.....[# .## #
#.#.##.##...# #
##.#<........# #
.......##.##...#
#.##.#........#########


You could see a goblin.

Vanquished Creatures
  2 dart slugs
  9 bats
  3 giant cockroaches (D:1)
  10 goblins
  5 hobgoblins
  2 jackals (D:1)
  7 kobolds
  3 frilled lizards
  4 rats
45 creatures vanquished.

Notes
Turn   | Place    | Note
-------+----------+-------------------------------------------
     0 | D:1      | Hasart the Deep Elf Fire Elementalist began the quest for the Orb.
     0 | D:1      | Reached XP level 1. HP: 10/10 MP: 6/6
   139 | D:1      | Reached XP level 2. HP: 15/15 MP: 6/8
   545 | D:1      | Reached XP level 3. HP: 19/19 MP: 3/9
   937 | D:1      | Reached skill level 4 in Fire Magic
  1489 | D:2      | Found a shattered altar of Ashenzari.
  1507 | D:2      | Became a worshipper of Ashenzari the Shackled
  1592 | D:2      | Shot with a stone by a goblin

Vault maps used:
D:1:      lemuel_arrival_tunnels
D:2:      nicolae_ashenzari_panopticon, chequers_ecumenical_altar_grove,
          uniq_natasha

Skill      XL: |  1  2  3 |
---------------+----------+-----
Conjurations   | 2 |  2.6
Fire Magic     | 4 |  4.2
Dodging        | |  2.4
Stealth        | |  2.4
Spellcasting   | |  3.6

Action                   || total
-------------------------++-------
Melee: Spear             ||     5
 Cast: Flame Tongue      ||    73
  Eat: Chunk             ||     2
Armor: Robe              ||     3
Dodge: Dodged            ||    30

Table legend:
 A = Spawn XP
 B = Non-spawn XP
 C = Spawn XP percentage of total XP
 D = Spawn monster count
 E = Non-spawn monster count
 F = Spawn count percentage of total count
 G = Total turns spent on level
                    A         B        C        D         E        F      G
               +---------+---------+-------+---------+---------+-------+---------
         Total |       0 |      84 |   0.0 |       0 |      45 |   0.0 |  1592
               +---------+---------+-------+---------+---------+-------+---------
           D:1 |       0 |      62 |   0.0 |       0 |      34 |   0.0 |  1363
           D:2 |       0 |      22 |   0.0 |       0 |      11 |   0.0 |   229
               +---------+---------+-------+---------+---------+-------+---------
